 Dungeon Crawl Stone Soup version 0.23-a0-860-g8ff03fb (webtiles) character file.

101 Firecrotchwizard the Sneak (level 4, -1/23 HPs)
             Began as a Vine Stalker Assassin on Jan 27, 2019.
             Was a Priest of Uskayaw.
             Killed from afar by an orc wizard (7 damage)
             ... with a magic dart
             ... on level 3 of the Dungeon.
             The game lasted 00:03:27 (1909 turns).

Firecrotchwizard the Sneak (Vine Stalker Assassin)  Turns: 1909, Time: 00:03:27

Health: -1/23      AC:  4    Str: 15    XL:     4   Next: 75%
Magic:  0/5        EV: 12    Int: 11    God:    Uskayaw [***...]
Gold:   121        SH:  0    Dex: 15    Spells: 3/3 levels left

rFire    . . .     SeeInvis .   a - +2 dagger
rCold    . . .     Gourm    .   (no shield)
rNeg     . . .     Faith    .   c - +0 robe
rPois    .         Spirit   +   (no helmet)
rElec    .         Reflect  .   d - +0 cloak
rCorr    .         Harm     .   (no gloves)
MR       .....                  m - +0 pair of boots
Stlth    +++.......             (no amulet)
HPRegen  0.47/turn              (no ring)
MPRegen  0.09/turn              (no ring)

@: no status effects
A: fangs 2, regeneration 1, magic shield, antimagic bite, no potion heal 3, rot
immunity
a: Stomp, Line Pass, Renounce Religion


You were on level 3 of the Dungeon.
You worshipped Uskayaw.
Uskayaw was noncommittal.
You were not hungry.

You visited 1 branch of the dungeon, and saw 3 of its levels.

You collected 121 gold pieces.

Inventory:

Hand Weapons
 a - a +2 dagger (weapon)
 b - a +0 blowgun
Missiles
 e - 8 poisoned needles
 f - 2 curare-tipped needles
Armour
 c - a +0 robe (worn)
 d - a +0 cloak (worn)
 m - a +0 pair of boots (worn)
   (You found it on level 2 of the Dungeon)
Jewellery
 n - an uncursed ring of protection from magic {unknown}
   (You found it on level 2 of the Dungeon)
Scrolls
 h - a scroll of enchant weapon {unknown}
 i - 2 scrolls of fear {unknown}
 j - 6 scrolls of identify {unknown}
 k - a scroll of immolation {unknown}
 l - 4 scrolls of teleportation {unknown}
 p - a scroll of enchant armour {unknown}
Potions
 q - a potion of lignification {unknown}
 r - a potion of experience {unknown}
 s - a potion of curing {unknown}
Comestibles
 g - 2 rations
 o - 7 chunks of flesh {@w0}


   Skills:
 + Level 2.6 Fighting
 * Level 3.2 Short Blades
 - Level 1.9 Throwing
 - Level 0.9 Dodging
 - Level 5.4 Stealth
 + Level 0.7 Invocations


You had 3 spell levels left.
You didn't know any spells.
Your spell library was empty.

Dungeon Overview and Level Annotations

Branches:
Dungeon (3/15)

Altars:
Ashenzari
Fedhas
Uskayaw


Innate Abilities, Weirdness & Mutations

You have extremely sharp teeth.
Your natural rate of healing is unusually fast.
When hurt, damage is shared between your health and your magic reserves.
Your bite disrupts and absorbs the magic of your enemies.
Potions cannot restore your health.
You are immune to rotting.


Message History

Uskayaw prepares the audience for your solo!
MP restored: 5 The helpless orc fails to defend itself.
You impale the orc!!
You kill the orc!
Things that are here:
a +0 dagger; an orc corpse You butcher the orc corpse.
o - 3 chunks of flesh {@w0} (gained 2)
Things that are here:
a +0 dagger; an orc skeleton You see here a +0 flail.
Things that are here:
a +0 mace; a +0 leather armour There isn't anything to butcher here.
You start resting.
Uskayaw will no longer force your foes to helplessly watch your dance.
You can no longer pass through a line of other dancers.
Health restored: 23
Found a shattered altar of Ashenzari.
A ball python comes into view.
The ball python hisses angrily.
The ball python bites you but does no damage.
The ball python barely misses you.
You hit the ball python. The ball python closely misses you.
The ball python grabs you. The ball python constricts you.
You take 1 damage, and have 22/23 hp.
You closely miss the ball python.
You bite the ball python, but do no damage.
The ball python bites you but does no damage.
The ball python constricts you.
You take 1 damage, and have 21/23 hp.
You hit the ball python.
You kill the ball python!
No target in view!
You butcher the ball python corpse.
o - 7 chunks of flesh {@w0} (gained 4)
You see here a ball python skeleton. x2
Found a stone staircase leading up.
Health restored: 23 An orc priest comes into view.
It is wielding a +0 war axe. 3 orcs come into view.
An orc is wielding a +2 dagger of venom.
The orc shouts!
You hear a shout!
The orc shouts! x2
You closely miss the orc priest.
The orc priest shouts!
You bite the orc priest. You drain its power.
You hit the orc priest but do no damage.
You bite the orc priest. You drain its power.
An orc wizard comes into view. It is wielding a +0 dagger.
The orc priest invokes the aid of Beogh against you.
Pain shoots through your body!
You take 10 damage, and have 13/23 hp.
MASSIVE DAMAGE!!
You now have 3/5 mp.
You hit the orc priest. Your bite misses the orc priest.
The orc wizard casts a spell.
The orc wizard flickers and vanishes!
Deactivating autopickup; reactivate with Ctrl-A.
You can now pass through a line of other dancers.
You hit the orc priest. The orc priest barely misses you.
A quokka comes into view.
You hit the orc priest.
You kill the orc priest!
Your Short Blades skill increases to level 3!
You closely miss the orc. Your bite misses the orc.
The orc hits you with a +0 hand axe.
You take 2 damage, and have 12/23 hp.
You puncture the orc!
You kill the orc!
Uskayaw will force your foes to helplessly watch your dance.
Uskayaw prepares the audience for your solo!
You hit something.
The quokka is no longer paralysed.
The orc is no longer paralysed. x2
You hit something but do no damage. Your bite misses something.
Something hits you but does no damage.
You hit something. The orc hits you with a +0 whip.
Something hits you but does no damage.
You now have 2/5 mp.
You closely miss something. Your bite misses something.
The orc closely misses you. Something hits you.
You take 3 damage, and have 10/23 hp.
You miss something. You bite something. The orc misses you.
Something hits you but does no damage.
You hit something. Your bite misses something. The orc closely misses you.
Okay, then.
Okay, then.
You miss something. Your bite misses something. Something hits you.
The orc misses you.
You take 4 damage, and have 7/23 hp.
You hit something but do no damage. You bite something.
Something hits you but does no damage. The orc hits you with a +0 whip.
* * * LOW HITPOINT WARNING * * *
You take 1 damage, and have 6/23 hp.
You closely miss something. Your bite misses something.
You hear some strange, mumbled words.
A magic dart appears from out of thin air!
The magic dart hits you!
You die...

#. ._##. .... ....
### #...##.. ###
#.#...# <.# #
####.##.#
#.#####.#...
........#
#.##{oor....
####.##.#####.##@#
#.###......##.######
####.#
##...............
.....#
#..รท#....#######
###### ########## .#
## #


You could see 2 orcs and a quokka.

Vanquished Creatures
  An orc priest (D:3)
  2 adders (D:2)
  2 worms (D:2)
  A dart slug (D:1)
  A leopard gecko (D:2)
  4 orcs (D:3)
  A ball python (D:3)
  6 bats
  A giant cockroach (D:2)
  8 goblins
  7 hobgoblins
  A kobold (D:2)
  2 frilled lizards (D:1)
  3 rats
40 creatures vanquished.

Notes
Turn   | Place    | Note
-------+----------+-------------------------------------------
     0 | D:1      | Firecrotchwizard the Vine Stalker Assassin began the quest
                  | for the Orb.
     0 | D:1      | Reached XP level 1. HP: 11/11 MP: 2/2
   225 | D:1      | Reached XP level 2. HP: 15/15 MP: 3/3
   232 | D:1      | Reached skill level 2 in Short Blades
   232 | D:1      | Reached skill level 5 in Stealth
   276 | D:1      | Reached skill level 2 in Fighting
   773 | D:2      | Reached XP level 3. HP: 17/18 MP: 4/4
  1346 | D:2      | Found a blossoming altar of Fedhas.
  1547 | D:2      | Gained mutation: Your natural rate of healing is unusually
                  | fast. [Vine Stalker growth]
  1547 | D:2      | Reached XP level 4. HP: 13/23 MP: 5/5
  1617 | D:2      | Found a blossoming altar of Fedhas.
  1640 | D:2      | Found a hide-covered altar of Uskayaw.
  1645 | D:2      | Became a worshipper of Uskayaw the Reveler
  1801 | D:3      | Reached * piety under Uskayaw
  1836 | D:3      | Reached ** piety under Uskayaw
  1846 | D:3      | Reached *** piety under Uskayaw
  1876 | D:3      | Found a shattered altar of Ashenzari.
  1898 | D:3      | Reached skill level 3 in Short Blades
  1909 | D:3      | Killed from afar by an orc wizard

Vault maps used:
D:1:      dpeg_arrival_refuge
D:2:      lemuel_doored_altar, lemuel_coloured_pillars_altar, fedhas_altar_3
D:3:      gammafunk_wand_slinger, overflow_temple_1_default,
          lemuel_crystal_altar, overflow_temple_1_default,
          nicolae_overflow_crystal_walls, gammafunk_temple_overflow_pools,
          serial_aquarium, aquarium_bridge_square, aquarium_window_corridor_1,
          aquarium_window_1, aquarium_view_2c, aquarium_balcony_3a, first_ration

Skill      XL: |  1  2  3  4 |
---------------+-------------+-----
Short Blades   | 2 3 |  3.2
Stealth        | 5 |  5.4
Fighting       | 2 |  2.6
Throwing       | |  1.9
Dodging        | |  0.9
Invocations    | |  0.7

Action                   |  1- 3 |  4- 6 || total
-------------------------+-------+-------++-------
Melee: Dagger            |    94 |    36 ||   130
       Bite              |    24 |     7 ||    31
 Stab: Sleeping          |     5 |     2 ||     7
       Paralysed         |       |     1 ||     1
  Eat: Chunk             |     2 |     1 ||     3
Armor: Robe              |    14 |    11 ||    25
Dodge: Dodged            |    40 |    13 ||    53

Table legend:
 A = Non-vault XP
 B = Vault XP
 C = Vault XP percentage of total XP
 D = Non-vault monster count
 E = Vault monster count
 F = Vault count percentage of total count
                 A         B        C        D         E       F
            +---------+---------+-------+---------+---------+-------
      Total |     145 |       0 |   0.0 |      40 |       0 |   0.0
            +---------+---------+-------+---------+---------+-------
        D:1 |      30 |       0 |   0.0 |      16 |       0 |   0.0
        D:2 |      59 |       0 |   0.0 |      17 |       0 |   0.0
        D:3 |      56 |       0 |   0.0 |       7 |       0 |   0.0
            +---------+---------+-------+---------+---------+-------

Vault maps used:
D:1:      dpeg_arrival_refuge
D:2:      lemuel_doored_altar, lemuel_coloured_pillars_altar, fedhas_altar_3
D:3:      gammafunk_wand_slinger, overflow_temple_1_default,
          lemuel_crystal_altar, overflow_temple_1_default,
          nicolae_overflow_crystal_walls, gammafunk_temple_overflow_pools,
          serial_aquarium, aquarium_bridge_square, aquarium_window_corridor_1,
          aquarium_window_1, aquarium_view_2c, aquarium_balcony_3a, first_ration

Table legend:
 A = Turns spent in this place as a percentage of turns spent in the entire game.
 B = Non-inter-level travel turns spent in this place as a percentage of non-inter-level travel turns spent in the entire game.
 C = Inter-level travel turns spent in this place as a percentage of turns spent in this place.
 D = Turns resting spent in this place as a percentage of non-inter-level travel turns spent in this place.
 E = Turns spent auto-exploring this place as a percentage of non-inter-level travel turns spent in this place.
 F = Non-inter-level travel turns spent in this place divided by the number of levels of this place that you've seen.
                   A       B       C       D       E      F
               +-------+-------+-------+-------+-------+----------------------
         Total | 100.0 | 100.0 |   2.8 |  37.5 |  44.5 | 618.7
       Dungeon | 100.0 | 100.0 |   2.8 |  37.5 |  44.5 | 618.7
               +-------+-------+-------+-------+-------+----------------------

Table legend:
 A = Kills in this place as a percentage of kills in entire the game.
 B = Kills by you in this place as a percentage of kills by you in the entire game.
 C = Kills by friends in this place as a percentage of kills by friends in the entire game.
 D = Other kills in this place as a percentage of other kills in the entire game.
 E = Experience gained in this place as a percentage of experience gained in the entire game.
 F = Experience gained in this place divided by the number of levels of this place that you have seen.
                   A       B       C       D       E      F
               +-------+-------+-------+-------+-------+----------------------
         Total | 100.0 | 100.0 |   N/A |   N/A | 100.0 |  48.3
       Dungeon | 100.0 | 100.0 |   N/A |   N/A | 100.0 |  48.3
               +-------+-------+-------+-------+-------+----------------------
